[Event "45th FIDE Olympiad 2024"]
[Site "Budapest"]
[Date "2024.09.19"]
[Round "8.54"]
[White "Gorshtein, Ido"]
[Black "Quesada Perez, Luis Ernesto"]
[Result "0-1"]
[ECO "A11"]
[WhiteElo "2543"]
[BlackElo "2578"]
[Annotator "TA"]
[PlyCount "66"]
[EventDate "2024.09.05"]
[EventType "team-tourn"]
[EventCountry "HUN"]
[SourceTitle "playchess.com"]
[Source "ChessBase"]
[SourceQuality "1"]
[WhiteTeam "Israel"]
[BlackTeam "Cuba"]
[WhiteTeamCountry "ISR"]
[BlackTeamCountry "CUB"]
[TimeControl "40/5400+30:1800+30"]

1. c4 c6 2. Nf3 d5 3. e3 Nf6 4. Nc3 e6 5. b3 Bd6 6. Bb2 O-O 7. Qc2 b6 8. Be2 Bb7 9. Rg1 {[%emt 0:08:01] The position is equal.} Na6 10. g4 e5 11. g5 Nd7 12. a3 {[%emt 0:07:29] Wards off Nb4} Nc7 13. d4 e4 14. Nd2 a5 (14... Bxh2 $2 15. Rh1 $18) 15. f3 exf3 (15... Bxh2 $6 16. Rg2 Bd6 17. fxe4 $16) 16. Nxf3 c5 {[%emt 0:07:46] ...Qe7 is the strong threat.} 17. O-O-O Re8 18. Kb1 a4 (18... dxc4 $6 19. bxc4 cxd4 20. Nxd4 $16 (20. exd4 b5 $11)) 19. bxa4 Rxe3 20. Bc1 {[%emt 0:01:03] [#]} Re7 ({Better is} 20... cxd4 $1 $17 21. Nxd4 Rh3) 21. h4 Qe8 22. Bd3 g6 {[%emt 0:12:05] Hoping for ...dxc4.} 23. h5 cxd4 (23... gxh5 $2 24. Bxh7+ Kh8 25. Rh1 $18) 24. Nxd4 Be5 25. Bf1 (25. cxd5 $11 Nxd5 26. Nxd5 Bxd5 27. hxg6 hxg6 (27... Bxd4 28. gxf7+ Rxf7 29. g6 $11) 28. Bb5) 25... Nc5 $17 ({Worse is} 25... gxh5 26. Bd3 Nf8 27. Nf5 $18) 26. Bb2 Nxa4 {[%emt 0:04:01] Black is more active.} ({Don't play} 26... gxh5 $6 27. Bg2 Nxa4 28. Nxa4 Rxa4 29. Nf5 Rxc4 30. Nxe7+ Qxe7 31. Qe2 $11) 27. hxg6 hxg6 {[%emt 0:01:17] [#] aiming for ...Nxb2.} ({But not} 27... fxg6 28. Nxa4 Qxa4 29. Bg2 $17) 28. Bg2 $2 {[%emt 0:01:18][%mdl 8192] This costs White the game.} (28. Nxa4 $17 Qxa4 29. Bg2) 28... Nxb2 $19 {[%emt 0:00:42] Black is clearly winning.} 29. Qxb2 Rd8 30. Rh1 (30. Rge1 $142 dxc4 31. Bxb7 Rxd4 (31... Bxd4 $2 32. Rxe7 Qxe7 33. Qb4 $19) 32. Qb4 Rxd1+ 33. Nxd1) 30... dxc4 31. Bxb7 Rxd4 32. Rde1 Bg7 33. Ref1 Rd3 {[%emt 0:02:15] Weighted Error Value: White=0.76/Black=0.08 (flawless) .  Loses game:     	White=1     	---        Mistake:       	White=2     	Black=1      Inaccurate:     	White=2     	Black=1      OK:         	White=8     	Black=9      Best:        	---       	Black=5} 0-1

[Event "45th FIDE Olympiad 2024"]
[Site "Budapest"]
[Date "2024.09.19"]
[Round "8.54"]
[White "Prasad, Rudr"]
[Black "Carpenter, Paul A"]
[Result "1-0"]
[WhiteElo "1777"]
[BlackElo "1985"]
[Annotator "TA"]
[PlyCount "71"]
[EventDate "2024.09.05"]
[EventType "team-tourn"]
[EventCountry "HUN"]
[WhiteTeam "Fiji"]
[BlackTeam "Jersey"]
[WhiteTeamCountry "FIJ"]
[TimeControl "40/5400+30:1800+30"]

1. d4 d6 2. c4 Nf6 3. g3 c6 4. Bg2 Nbd7 5. Nf3 Qc7 {is verkieslijker.} (5... g6 $11) 6. O-O e5 {Onnauwkeurig} {Wit kan het beste spelen.} 7. dxe5 {Fout (0.5)} (7. Nc3 $16) 7... dxe5 $14 8. Nc3 {OK. Wit staat iets beter.} Be7 9. Qc2 {OK} O-O 10. Rd1 Re8 {OK} 11. Rb1 {Onnauwkeurig} {Zwart kan beter kiezen voor.} Nb6 {Fout (0.5)} (11... a5 $11) 12. b3 {OK} Bg4 {Onnauwkeurig} {Wit zou kunnen overwegen.} 13. Bb2 {Fout (0.5)} (13. h3 $16 Bd7 14. Bg5) 13... Bh5 {Behoudt de evenwichtsstemming. Fout (0.6)} (13... Bc5 $11) 14. Nh4 $16 {OK} Bc5 15. Ne4 {OK} Nxe4 {OK} 16. Bxe4 Bg6 {Onnauwkeurig} 17. Nxg6 {OK} hxg6 18. Bg2 {OK} Nd7 19. a3 {OK} a5 {[#] OK} {Wit kan beter kiezen voor} 20. b4 {Fout (0.8)} axb4 $11 {Beste (Gemakkelijk)} 21. axb4 Bxb4 22. Bxe5 $1 {Sterk} Rxe5 23. Rxb4 {OK} Rae8 24. e3 {OK} Nc5 {Tegen Ra4} 25. Qb2 Qe7 {OK} 26. Qd4 Qf6 $2 {[#] en Zwart is onbezorgd. Verliest partij (1.7)} (26... Re6 $11) 27. f4 $1 $18 {Sterk} Rxe3 {Kan beter werken. Deze zet verliest de partij voor Zwart. Verliest partij (2.1)} (27... Rf5 $16) 28. Qxc5 {Beste (Gemakkelijk)} Re1+ 29. Rxe1 {Beste (Gemakkelijk)} Rxe1+ {[#]} 30. Bf1 $1 {Sterk} (30. Kf2 $2 Qc3 $19) 30... Qa1 31. Qf2 {OK} b6 {Fout (2.1)} (31... b5 $142 32. cxb5 cxb5 33. Rxb5 f5) 32. Rxb6 {OK} Re6 33. Rb8+ Kh7 34. g4 g5 {Voorkomt Qh4+.} 35. fxg5 Kg6 36. Qf5# {Blunder waarde: Wit=0.11 (erg precies) /Zwart=0.86.  Verliest partij:   	---       	Zwart=2      Fout:        	Wit=3      	Zwart=3      Onnauwkeurig:    	Wit=1      	Zwart=3      OK:         	Wit=12     	Zwart=4      Beste:        	Wit=2      	Zwart=1      Sterk:        	Wit=3      	---} 1-0

[Event "45th FIDE Olympiad 2024"]
[Site "Budapest"]
[Date "2024.09.19"]
[Round "8.55"]
[White "Miranda Mesa, Elier"]
[Black "Nabaty, Tamir"]
[Result "1-0"]
[ECO "C67"]
[WhiteElo "2512"]
[BlackElo "2630"]
[Annotator "TA"]
[PlyCount "129"]
[EventDate "2024.09.05"]
[EventType "team-tourn"]
[EventCountry "HUN"]
[SourceTitle "playchess.com"]
[Source "ChessBase"]
[SourceQuality "1"]
[WhiteTeam "Cuba"]
[BlackTeam "Israel"]
[WhiteTeamCountry "CUB"]
[BlackTeamCountry "ISR"]
[TimeControl "40/5400+30:1800+30"]

1. e4 e5 2. Nf3 Nc6 3. Bb5 Nf6 4. O-O Nxe4 5. Re1 Nd6 6. Nxe5 Be7 7. Bf1 Nxe5 8. Rxe5 O-O 9. d4 Ne8 {[%emt 0:00:41] C67: Ruy Lopez: Berlin Defence: 4 0-0 Nxe4.} 10. Re1 d5 11. c3 g6 $146 ({Predecessor:} 11... c6 12. Bf4 Bd6 13. Bxd6 Nxd6 14. Bd3 Bf5 15. Bxf5 Nxf5 16. Nd2 Re8 17. Rxe8+ Qxe8 18. Qf1 Qd7 19. Re1 Re8 20. Re2 Nd6 21. Qe1 Rxe2 22. Qxe2 f6 23. h3 {½-½ Bulski,K (2534)-L'Ami,E (2645) Bundesliga 1314 2013 (8.2)}) 12. Nd2 Ng7 13. Nf3 c6 14. Ne5 Bd6 15. h3 f6 16. Nd3 Qc7 17. Bh6 Bf5 18. Qd2 Rae8 19. Bf4 g5 20. Bxd6 Qxd6 21. Rxe8 Rxe8 22. Re1 Kf7 23. Rxe8 Kxe8 24. Qe3+ Kf7 25. Be2 Bg6 26. Qd2 Qe7 27. Ne1 Nf5 28. Bd3 Nd6 29. Kf1 b6 30. Bxg6+ hxg6 31. Nd3 a5 32. Qe2 Ne4 33. Qg4 c5 34. Kg1 c4 35. Nc1 b5 36. Qe2 b4 37. f3 Nd6 38. Qxe7+ Kxe7 39. Kf2 Nb5 40. cxb4 (40. Ne2 $2 b3 $19) 40... axb4 (40... Nxd4 41. bxa5 Kd7 42. Ne2 $18) 41. Ke3 Kd6 42. Ne2 Kc6 43. g4 Nc7 44. f4 Ne6 45. fxg5 fxg5 46. Ng1 Nf4 47. h4 Ng2+ 48. Kf2 Nf4 49. Ke3 $1 Kb5 50. b3 Ne6 51. h5 gxh5 52. gxh5 Ng7 53. Nh3 $1 g4 (53... Nxh5 {simplifies} 54. Nxg5 Ng3 55. Nf3 Ne4) 54. Nf4 c3 55. Kd3 (55. Nxd5 $2 Nxh5 56. Nc7+ Ka5 $19) (55. Ke2 $5 Nf5 $8 56. Kf2 $11) 55... g3 $2 (55... Nf5 $11 {and Black stays safe.}) 56. h6 $1 $18 (56. Nxd5 $2 g2 (56... Nxh5 $2 57. Ne3 $19) 57. a4+ Ka5 $19 (57... bxa3 $2 58. Nxc3+ Kb4 59. Ne2 $19)) 56... Ne6 {[%emt 0:00:01] [#]} 57. Ng2 $1 (57. Nxe6 g2 58. h7 (58. Nc7+ $2 Kc6 $19) 58... g1=Q $11) 57... Ng5 58. Nf4 $2 (58. Ne3 $18) 58... Kc6 59. Ng2 Nh7 $2 (59... Kb5 $11 60. Ne3 Kc6) 60. Ne3 $18 Ng5 {[%emt 0:00:40] [#]} (60... Nf6 $142 61. Ke2 c2 62. Nxc2 g2) 61. Ke2 $1 $18 Kd7 62. Kf1 Ke6 63. Kg2 Kf7 64. Kxg3 (64. Nxd5 c2 65. Kxg3 c1=Q (65... c1=B 66. Nxb4 Ne4+ 67. Kf3 $14) 66. Kg4 Qg1+ (66... Nh7 67. Kf5 Qg5+ 68. Ke4 Qg6+ 69. Kf3 Qc6 70. Ke3 Qxd5 71. Kd3 Ng5 72. h7 Kg7 73. a4 Kxh7 74. a5 Qxb3+ 75. Ke2 Qf3+ 76. Kd2 Ne4+ 77. Kc2 Qc3+ 78. Kb1 Nd2+ 79. Ka2 Qa3#) 67. Kf4 Ne6+ (67... Qxd4+ 68. Kxg5 Qxd5+ 69. Kf4 Kg6 70. h7 Kxh7 71. Kg4 Qe4+ 72. Kg3 Qe3+ 73. Kh2 Qf2+ 74. Kh3 Qg1 75. a4 Kg6 76. Kh4 Kf5 77. Kh3 Kf4 78. Kh4 Qh2#) 68. Ke5 Qxd4+ (68... Nxd4 $2 69. Ke4 $19) 69. Kd6 Nf4 (69... Qc5+ 70. Ke5 Qd4+ 71. Kd6 Nf4 72. h7 Qxd5+ 73. Kc7 Qe6 74. Kb8 Nd5 75. Ka8 Qc6+ 76. Ka7 Qb6+ 77. Ka8 Nc7#) 70. h7 Qxd5+ 71. Kc7 Qc5+ 72. Kb7 Nd5 73. Ka8 Qc6+ 74. Ka7 Qc7+ 75. Ka8 Nb6#) 64... Ne6 65. Nc2 (65. Nxd5 $2 {too greedy.} c2 (65... Nxd4 $2 {loses.} 66. Nxb4 Nf5+ 67. Kf4 $18) 66. Ne3 c1=Q $19 (66... c1=B 67. h7 $11)) 1-0

[Event "45th FIDE Olympiad 2024"]
[Site "Budapest"]
[Date "2024.09.19"]
[Round "8.55"]
[White "Belzo, Krzysztof"]
[Black "Terubea, Ronald"]
[Result "1-0"]
[WhiteElo "2076"]
[BlackElo "1836"]
[PlyCount "87"]
[EventDate "2024.09.05"]
[EventType "team-tourn"]
[EventCountry "HUN"]
[WhiteTeam "Jersey"]
[BlackTeam "Fiji"]
[BlackTeamCountry "FIJ"]
[TimeControl "40/5400+30:1800+30"]

1. d4 f5 2. c4 e6 3. Nc3 Nf6 4. Nf3 b6 5. g3 Bb4 6. Qb3 Bxc3+ 7. Qxc3 d6 8. Bg2 Bb7 9. c5 Ne4 10. Qc2 bxc5 11. Ng5 Qf6 12. dxc5 Nxc5 13. Bxb7 Nxb7 14. Qxc7 Qe7 15. Nxe6 Qxe6 16. Qxb7 Qe4 17. Qxe4+ fxe4 18. Bf4 Nd7 19. Bxd6 Kf7 20. O-O Rac8 21. Rac1 Ke6 22. Bb4 Rhd8 23. Rfd1 Rxc1 24. Rxc1 Ra8 25. Rc6+ Kf7 26. Rc4 Nf6 27. Bc3 Nd5 28. Rxe4 Nxc3 29. bxc3 Rc8 30. Ra4 Rc7 31. Ra6 Ke7 32. f4 Kd7 33. Kf2 Kc8 34. e4 Kb7 35. Ra3 Kc6 36. Ke3 Kc5 37. Ra4 Kb5 38. Rb4+ Ka5 39. Kd3 a6 40. e5 g6 41. g4 h6 42. f5 h5 43. f6 h4 44. Re4 1-0

[Event "45th FIDE Olympiad 2024"]
[Site "Budapest"]
[Date "2024.09.19"]
[Round "8.56"]
[White "Smirin, Ilia"]
[Black "Almeida Quintana, Omar"]
[Result "1-0"]
[ECO "C41"]
[WhiteElo "2575"]
[BlackElo "2492"]
[Annotator "RC"]
[PlyCount "75"]
[EventDate "2024.09.05"]
[EventType "team-tourn"]
[EventCountry "HUN"]
[SourceTitle "playchess.com"]
[Source "ChessBase"]
[SourceQuality "1"]
[WhiteTeam "Israel"]
[BlackTeam "Cuba"]
[WhiteTeamCountry "ISR"]
[BlackTeamCountry "CUB"]
[TimeControl "40/5400+30:1800+30"]

1. e4 d6 2. d4 Nf6 3. Nc3 e5 4. Nf3 Nbd7 5. Bc4 Be7 6. O-O O-O 7. Re1 c6 8. a4 h6 9. Ba2 Re8 10. h3 exd4 11. Nxd4 Bf8 12. Bf4 Ne5 13. a5 Bd7 14. Bg3 b5 15. axb6 axb6 16. f4 Ng6 17. Kh2 b5 18. e5 b4 19. exf6 Rxe1 20. Qxe1 bxc3 21. Qxc3 c5 22. Qb3 Rxa2 23. Rxa2 cxd4 24. fxg7 Kxg7 25. Ra7 Be7 26. Qd5 Be6 27. Qxd4+ Bf6 28. Qe4 Qc8 29. b4 d5 30. Qd3 Ne7 31. Bf2 Ng6 32. Bd4 Bxd4 33. Qxd4+ Kg8 34. b5 Qxc2 35. b6 Nh4 36. Ra8+ Kh7 37. Qh8+ Kg6 38. Rg8+ 1-0

[Event "45th FIDE Olympiad 2024"]
[Site "Budapest"]
[Date "2024.09.19"]
[Round "8.56"]
[White "Maharaj, Yash Krishen"]
[Black "Forbes, Garry"]
[Result "0-1"]
[WhiteElo "1847"]
[BlackElo "1858"]
[PlyCount "102"]
[EventDate "2024.09.05"]
[EventType "team-tourn"]
[EventCountry "HUN"]
[WhiteTeam "Fiji"]
[BlackTeam "Jersey"]
[WhiteTeamCountry "FIJ"]
[TimeControl "40/5400+30:1800+30"]

1. e4 d5 2. exd5 Nf6 3. d4 Bg4 4. f3 Bf5 5. Bb5+ c6 6. dxc6 Nxc6 7. c3 e6 8. Ne2 Be7 9. O-O O-O 10. Bd3 Bxd3 11. Qxd3 e5 12. Be3 exd4 13. Nxd4 Nd5 14. Nxc6 bxc6 15. Nd2 Nxe3 16. Qxe3 Bg5 17. f4 Re8 18. Qf3 Qb6+ 19. Kh1 Be7 20. b3 Rad8 21. Ne4 f5 22. Ng5 Bxg5 23. fxg5 g6 24. Rad1 Rxd1 25. Rxd1 Re3 26. Qf2 Rxc3 27. Qxb6 axb6 28. h4 Rc2 29. Ra1 Rb2 30. Kh2 c5 31. Kg3 Kf7 32. Kf3 Ke6 33. g3 Rc2 34. Re1+ Kf7 35. Re2 Rc3+ 36. Re3 Rc2 37. a4 Rd2 38. Kf4 Rd4+ 39. Ke5 Rd7 40. g4 Re7+ 41. Kf4 Rxe3 42. Kxe3 fxg4 43. Kf4 Ke6 44. Kxg4 Kd5 45. h5 Kd4 46. hxg6 hxg6 47. Kf4 Kc3 48. Ke5 Kxb3 49. Kf6 c4 50. Kxg6 c3 51. a5 bxa5 {0-} 0-1

[Event "45th FIDE Olympiad 2024"]
[Site "Budapest"]
[Date "2024.09.19"]
[Round "8.57"]
[White "Kadric, Denis"]
[Black "Yilmaz, Mustafa"]
[Result "1-0"]
[ECO "C54"]
[WhiteElo "2553"]
[BlackElo "2587"]
[Annotator "TA"]
[PlyCount "69"]
[EventDate "2024.09.05"]
[EventType "team-tourn"]
[EventCountry "HUN"]
[SourceTitle "playchess.com"]
[Source "ChessBase"]
[SourceQuality "1"]
[WhiteTeam "Montenegro"]
[BlackTeam "Turkiye"]
[WhiteTeamCountry "MNE"]
[TimeControl "40/5400+30:1800+30"]

1. e4 e5 2. Nf3 Nc6 3. Bc4 Bc5 4. c3 Nf6 5. d3 d6 6. Bg5 h6 7. Bh4 a5 8. Nbd2 Ba7 9. a3 g5 {[%emt 0:27:39] The position is equal.} 10. Bg3 Qe7 11. O-O Bd7 12. b4 O-O-O 13. b5 (13. Qb3 $14 {should be considered.}) 13... Nb8 $11 14. d4 Nh5 {[%emt 0:02:34] [#]} (14... Bg4 $11 {keeps the balance.}) 15. Bxe5 $1 $16 dxe5 16. Nxe5 Nf4 17. Nxf7 Bxb5 18. Nxh8 Bxc4 19. Nxc4 {[%emt 0:00:04][%cal Og2g3] g3! would now be deadly.} Qxe4 20. Qg4+ Nd7 21. Rae1 {[%emt 0:03:38] Dodges Ne2+} Qd5 {[%emt 0:10:18] This costs Black the game.} (21... Qh7 $16 {was worth a try.}) 22. Ne3 $18 Qg8 23. g3 $1 h5 24. Qf5 Rf8 25. Qxa5 Bb6 26. Qa8+ Nb8 27. Qa4 {[%emt 0:02:36][%cal Oe3f5] aiming for Nf5!} Nh3+ 28. Kg2 {[%emt 0:00:07] Hoping for Nf5.} Nf4+ {[%emt 0:01:14] [#]} 29. Kh1 $1 {[%emt 0:01:49] White is clearly winning.} ({Less strong is} 29. gxf4 gxf4+ 30. Kh1 fxe3 $14) 29... Nh3 {[%emt 0:03:51] [#]} (29... Nd3 $142 30. Re2 h4) 30. Nf5 $1 {[%emt 0:03:58] Ne7+ is the strong threat.} Qxh8 31. Ne7+ Kd8 32. Qa8 Kd7 33. Qxb7 {[%emt 0:00:04] Qd5+ would kill now.} Qf6 34. Kg2 g4 35. Qd5+ {[%emt 0:00:04] Weighted Error Value: White=0.20 (precise) /Black=0.36.  Loses game:     	---       	Black=1      Mistake:       	White=1     	Black=2      Inaccurate:     	---       	Black=2      OK:         	White=12    	Black=7      Best:        	White=2     	Black=2      Strong:       	White=2     	---        Brilliant:      	White=1     	---} 1-0

[Event "45th FIDE Olympiad 2024"]
[Site "Budapest"]
[Date "2024.09.19"]
[Round "8.57"]
[White "Pereira, Sergio"]
[Black "Misambo, .J. Kilasa"]
[Result "1-0"]
[WhiteElo "1988"]
[BlackElo "1959"]
[PlyCount "77"]
[EventDate "2024.09.05"]
[EventType "team-tourn"]
[EventCountry "HUN"]
[WhiteTeam "Sao Tome and Principe"]
[BlackTeam "Tanzania"]
[WhiteTeamCountry "SAO"]
[BlackTeamCountry "TAN"]
[TimeControl "40/5400+30:1800+30"]

1. e4 d6 2. d4 Nf6 3. Nc3 g6 4. f4 Bg7 5. Nf3 O-O 6. Bd3 Nc6 7. e5 dxe5 8. fxe5 Nd5 9. Nxd5 Qxd5 10. c4 Qd8 11. Be3 a5 12. h3 e6 13. Qd2 f6 14. h4 fxe5 15. h5 exd4 16. Bh6 Rxf3 17. gxf3 Ne5 18. Be4 Qf8 19. Bxg7 Nxf3+ 20. Bxf3 Qxf3 21. Rh4 Qg3+ 22. Qf2 Qxf2+ 23. Kxf2 Kxg7 24. h6+ Kf7 25. Rxd4 b6 26. Rad1 Kf6 27. Rd8 Kg5 28. Rh8 Kxh6 29. Rdd8 Bb7 30. Rxa8 Bxa8 31. Rxa8 Kg5 32. Ra7 h5 33. Rxc7 h4 34. Rc6 Kf5 35. Rxb6 g5 36. c5 g4 37. c6 g3+ 38. Kg1 h3 39. c7 1-0

[Event "45th FIDE Olympiad 2024"]
[Site "Budapest"]
[Date "2024.09.19"]
[Round "8.58"]
[White "Gurel, Ediz"]
[Black "Petrov, Nikita"]
[Result "1-0"]
[ECO "E32"]
[WhiteElo "2602"]
[BlackElo "2574"]
[Annotator "TA"]
[PlyCount "87"]
[EventDate "2024.09.05"]
[EventType "team-tourn"]
[EventCountry "HUN"]
[SourceTitle "playchess.com"]
[Source "ChessBase"]
[SourceQuality "1"]
[WhiteTeam "Turkiye"]
[BlackTeam "Montenegro"]
[BlackTeamCountry "MNE"]
[TimeControl "40/5400+30:1800+30"]

1. d4 Nf6 2. c4 e6 3. Nc3 Bb4 4. Qc2 O-O 5. a3 Bxc3+ 6. Qxc3 Re8 {[%emt 0:00:29] Recently 6...d5 got a lot of attention. E32: Nimzo-Indian: Classical (4 Qc2): 4...0-0.} 7. Nf3 d6 8. Bg5 h6 9. Bh4 Qe7 10. e3 e5 11. dxe5 dxe5 12. Be2 Bf5 13. Nd2 Ne4 14. Nxe4 $1 Qxh4 15. Ng3 Bg4 $146 ({Predecessor:} 15... Bh7 16. Rd1 Nc6 17. O-O Rad8 18. Rd5 Rd6 19. Rxd6 cxd6 20. Rd1 Qe7 21. Bd3 e4 {1-0 Alekseev,E (2548)-Rozentalis,E (2455) ISR-chT Israel 2024 (2.35)}) 16. Bxg4 Qxg4 17. O-O Nd7 18. Rad1 Nf6 19. Rd2 h5 20. Qc2 Rad8 21. Rfd1 Rxd2 22. Rxd2 e4 23. h3 Qe6 24. Ne2 Qe5 25. Nc3 c6 26. Qa4 Qc5 27. Rd4 a5 28. Qb3 Re7 29. Na4 $36 {[%emt 0:00:29][%mdl 2048] Black is under pressure.} Qe5 (29... Qf5 $14) 30. Qb6 $16 g5 31. Nc5 g4 32. Nxb7 {[%emt 0:07:49] White is more active.} gxh3 33. Qxa5 (33. Nxa5 $2 Ng4 34. g3 Kg7 $19 (34... h2+ $2 35. Kh1 $19)) (33. gxh3 $18 Qg5+ 34. Kf1) 33... hxg2 $2 ({Better is} 33... Nd5 $1 $14 34. gxh3 (34. cxd5 Qg5 $11) 34... Rxb7) 34. Kxg2 Nd5 $2 (34... Ng4 35. Qxe5 Rxe5) 35. cxd5 $18 Rxb7 {[%emt 0:00:38][%mdl 4096] Endgame. KQR-KQR} 36. Qd8+ Kh7 37. dxc6 Rxb2 {[%emt 0:01:28] [#]} (37... Qg7+ $18 38. Kf1 Rxb2) 38. Rd5 $1 Rxf2+ 39. Kxf2 Qh2+ 40. Ke1 Qg1+ 41. Kd2 Qf2+ 42. Kc3 Qxe3+ 43. Kb4 Qe1+ 44. Ka4 1-0

[Event "45th FIDE Olympiad 2024"]
[Site "Budapest"]
[Date "2024.09.19"]
[Round "8.58"]
[White "Veer, Gandhi"]
[Black "Espirito Santo, Waldyr"]
[Result "1-0"]
[WhiteElo "1792"]
[BlackElo "1926"]
[PlyCount "89"]
[EventDate "2024.09.05"]
[EventType "team-tourn"]
[EventCountry "HUN"]
[WhiteTeam "Tanzania"]
[BlackTeam "Sao Tome and Principe"]
[WhiteTeamCountry "TAN"]
[BlackTeamCountry "SAO"]
[TimeControl "40/5400+30:1800+30"]

1. d4 Nf6 2. Nc3 d5 3. Bf4 e6 4. Nb5 Bb4+ 5. c3 Ba5 6. a4 a6 7. b4 axb5 8. axb5 Nh5 9. Bd2 O-O 10. e3 Nf6 11. Rxa5 Rxa5 12. bxa5 c6 13. b6 Re8 14. Nf3 Ne4 15. Qc2 Qe7 16. Bc1 f6 17. Bd3 f5 18. O-O Nd7 19. c4 g5 20. Bxe4 fxe4 21. Nd2 g4 22. Bb2 h5 23. Ra1 Qg5 24. Ba3 e5 25. cxd5 cxd5 26. Bb2 h4 27. Nf1 Qf5 28. dxe5 Nxe5 29. Bxe5 Qxe5 30. Rd1 Rf8 31. Qd2 Be6 32. Rc1 Rf7 33. Rd1 Qf5 34. Qe2 Qe5 35. Rd4 Rg7 36. a6 bxa6 37. Qxa6 Qb8 38. b7 Re7 39. Rb4 Re8 40. Rb6 Kf7 41. Qb5 Re7 42. g3 h3 43. Qc6 Re8 44. Nd2 Qe5 45. Qxe8+ 1-0

[Event "45th FIDE Olympiad 2024"]
[Site "Budapest"]
[Date "2024.09.19"]
[Round "8.59"]
[White "Djukic, Nikola"]
[Black "Erdogmus, Yagiz Kaan"]
[Result "0-1"]
[ECO "C55"]
[WhiteElo "2515"]
[BlackElo "2592"]
[Annotator "TA"]
[PlyCount "88"]
[EventDate "2024.09.05"]
[EventType "team-tourn"]
[EventCountry "HUN"]
[SourceTitle "playchess.com"]
[Source "ChessBase"]
[SourceQuality "1"]
[WhiteTeam "Montenegro"]
[BlackTeam "Turkiye"]
[WhiteTeamCountry "MNE"]
[TimeControl "40/5400+30:1800+30"]

1. e4 e5 2. Nf3 Nc6 3. Bb5 a6 4. Ba4 Nf6 5. O-O Be7 6. d3 b5 7. Bb3 d6 8. c3 O-O 9. h3 Na5 {[%emt 0:05:55] 9...Bb7 is the modern continuation.} 10. Bc2 c5 {[%emt 0:00:04] C55: Two Knights: 4 d3, 4 d4 exd4 5 e5 and Max Lange Attack.} 11. d4 Qc7 12. d5 c4 (12... Nd7 $11) 13. b4 $16 Nb7 14. a4 bxa4 (14... Bd7 $142) 15. Re1 $146 (15. Na3 $142) ({Predecessor:} 15. Na3 Bd7 16. Bxa4 Bxa4 17. Qxa4 Nxe4 18. Qc2 f5 19. Be3 Nd8 20. b5 Qb7 21. bxa6 Rxa6 22. Nxc4 Rxa1 23. Rxa1 Qxd5 {1-0 Rojas,F (1588)-Obrien,G (1630) LSS No Engine Cup 177 Preliminary 0 2018}) 15... a5 16. Bxa4 (16. Rxa4 Bd7 $14) 16... Bd7 17. Bd2 Rfc8 18. Qc2 Bd8 19. Ra3 Bxa4 20. Rxa4 Qd7 21. Qa2 h6 22. Bc1 Qb5 23. g3 Nd7 24. Be3 Bb6 25. Ra3 Bxe3 26. Rxe3 Nb6 27. bxa5 Rxa5 28. Rxa5 Nxa5 (28... Qxa5 $6 29. Qxa5 Nxa5 30. Re2 $11) 29. Nbd2 {[%emt 0:02:07] [#]} Nb3 ({Black should play} 29... Ra8 $1 $17 {White must now prevent ...Nb3.} 30. Kg2 Nb3) 30. Qa3 Nc5 31. Qa7 $1 Nba4 {[%emt 0:04:15] Threatens to win with ...Nd3.} 32. Qe7 Qd7 33. Qxd7 Nxd7 34. Ne1 f5 {[%emt 0:00:44] With the idea ...Nf6.} 35. exf5 (35. Ng2 $1 $11 {keeps the balance.}) 35... Nf6 $17 36. Nc2 (36. Rf3 $17) 36... Nxd5 $19 37. Re4 Nab6 (37... Ndxc3 $6 38. Rxc4 Nb6 39. Rxc8+ Nxc8 40. Ne3 $15) 38. Nb1 Ra8 39. Re2 Ra2 40. Rd2 Rb2 41. Nba3 (41. Nca3 {was worth a try.} Rb3 42. Kh2) 41... Kf7 $19 (41... Nxc3 42. Rxd6 Ne4 43. Re6 $11) (41... Rb3 42. Kf1 (42. Nxc4 $2 Rb1+ 43. Kg2 Nxc4 $19)) 42. f4 exf4 ({Resist} 42... Nxc3 43. Rxd6 exf4 44. gxf4 $17) 43. gxf4 Rb3 ({Don't play} 43... Nxf4 44. Rxd6 Ne2+ (44... Nxh3+ 45. Kf1 $17) 45. Kf1 Nxc3 46. Rc6 $19) 44. Kf2 $2 (44. h4) 44... Nxc3 0-1

[Event "45th FIDE Olympiad 2024"]
[Site "Budapest"]
[Date "2024.09.19"]
[Round "8.59"]
[White "Nascimento, Admilton De Ceita Do"]
[Black "Lusako, Shedrack"]
[Result "1/2-1/2"]
[WhiteElo "1908"]
[BlackElo "1760"]
[PlyCount "201"]
[EventDate "2024.09.05"]
[EventType "team-tourn"]
[EventCountry "HUN"]
[WhiteTeam "Sao Tome and Principe"]
[BlackTeam "Tanzania"]
[WhiteTeamCountry "SAO"]
[BlackTeamCountry "TAN"]
[TimeControl "40/5400+30:1800+30"]

1. d4 d5 2. c4 e6 3. e3 Nf6 4. Nc3 c5 5. dxc5 Bxc5 6. cxd5 exd5 7. Nf3 Bf5 8. Qb3 Qb6 9. Nxd5 Qxb3 10. Nxf6+ gxf6 11. axb3 Bb4+ 12. Bd2 Bxd2+ 13. Nxd2 Nc6 14. Bb5 Bd7 15. Ne4 Ke7 16. Nc5 Nb4 17. Nxd7 Nc2+ 18. Ke2 Nxa1 19. Rxa1 a6 20. Nb6 Rad8 21. Bc4 Rd6 22. Nd5+ Kf8 23. Nf4 b5 24. Bd3 Kg7 25. Rc1 Rhd8 26. Rc5 Re8 27. Rf5 Re5 28. Nh5+ Kf8 29. Rxf6 Rxd3 30. Kxd3 Rxh5 31. h3 Rd5+ 32. Kc3 Rc5+ 33. Kb4 Rc2 34. Ka5 Rxb2 35. b4 Ra2+ 36. Kb6 Ke7 37. Rf4 Ke6 38. g4 f6 39. Re4+ Kf7 40. f4 h6 41. h4 Ra4 42. Rd4 Ra3 43. e4 Rc3 44. g5 fxg5 45. fxg5 hxg5 46. hxg5 Rc4 47. g6+ Kxg6 48. Rd6+ Kf7 49. Ka5 Rxe4 50. Rxa6 Ke8 51. Kxb5 Kd7 52. Rh6 Kc7 53. Rh7+ Kb8 54. Ka5 Re6 55. b5 Rd6 56. Rh5 Ka7 57. Rc5 Kb7 58. Re5 Rd7 59. Re6 Rf7 60. Rd6 Re7 61. Rb6+ Ka7 62. Rf6 Kb7 63. Rf5 Rg7 64. Kb4 Rc7 65. Re5 Kb6 66. Re2 Rf7 67. Re4 Rc7 68. Re8 Kb7 69. Ka5 Rf7 70. Re5 Rg7 71. Rd5 Re7 72. Rd6 Rf7 73. Rb6+ Ka7 74. Re6 Kb7 75. Kb4 Rf4+ 76. Kc5 Rf5+ 77. Kb4 Rf4+ 78. Ka5 Rf7 79. Rd6 Rg7 80. Kb4 Rg4+ 81. Kc5 Rg5+ 82. Kb4 Rg4+ 83. Ka5 Rg7 84. Rf6 Re7 85. Kb4 Re4+ 86. Kc5 Re5+ 87. Kc4 Re7 88. Kd5 Rd7+ 89. Kc5 Rc7+ 90. Rc6 Rxc6+ 91. bxc6+ Kc7 92. Kb5 Kc8 93. Kc4 Kc7 94. Kd5 Kc8 95. Kd4 Kc7 96. Kd5 Kc8 97. Kd4 Kc7 98. Kc5 Kc8 99. Kb6 Kb8 100. c7+ Kc8 101. Kc6 1/2-1/2